 Dungeon Crawl Stone Soup version 0.24-a0-284-g9fb9971df1 (webtiles) character file.

Game seed: 13884703331729713661

4232 HAL9000 the Covert (level 10, -9/46 HPs)
             Began as a Vine Stalker Assassin on May 4, 2019.
             Was a Believer of Kikubaaqudgha.
             Mangled by a two-headed ogre
             ... wielding a +0 giant club
              (15 damage)
             ... on level 8 of the Dungeon.
             The game lasted 00:18:26 (8020 turns).

HAL9000 the Covert (Vine Stalker Assassin)          Turns: 8020, Time: 00:18:26

Health: -9/46      AC:  7    Str: 16    XL:     10   Next: 30%
Magic:  0/11       EV: 11    Int: 12    God:    Kikubaaqudgha [**....]
Gold:   503        SH:  0    Dex: 16    Spells: 6/9 levels left

rFire    + . .     SeeInvis .   y - +2 dagger (drain)
rCold    x . .     Gourm    .   (no shield)
rNeg     . . .     Faith    .   c - +0 robe
rPois    .         Spirit   +   J - +2 hat
rElec    .         Reflect  .   d - +0 cloak
rCorr    +         Harm     .   C - +0 pair of gloves
MR       +....                  s - +0 pair of boots
Stlth    +++++.....             (no amulet)
HPRegen  0.55/turn              m - ring of resist corrosion
MPRegen  0.12/turn              K - ring of fire

@: lethally poisoned (-9 -> -9), lightly drained
A: fangs 3, regeneration 1, magic shield, antimagic bite, no potion heal 3, rot
immunity
a: Receive Corpses, Renounce Religion


You were on level 8 of the Dungeon.
You worshipped Kikubaaqudgha.
Kikubaaqudgha was pleased with you.
You were hungry.

You visited 2 branches of the dungeon, and saw 9 of its levels.

You collected 503 gold pieces.

Inventory:

Hand Weapons
 b - a +0 blowgun
 l - a +2 dagger of holy wrath
 n - a +1 dagger of pain
 y - a +2 dagger of draining (weapon)
Missiles
 e - 64 poisoned needles
 x - a curare-tipped needle
 A - 3 tomahawks (quivered)
 E - a throwing net
Armour
 c - a +0 robe (worn)
 d - a +0 cloak (worn)
 s - a +0 pair of boots (worn)
 C - a +0 pair of gloves (worn)
 J - a +2 hat (worn)
Jewellery
 m - a ring of resist corrosion (left hand)
 H - an uncursed ring of flight
 K - a ring of fire (right hand)
Wands
 a - a wand of flame (32)
 G - a wand of acid (6)
Scrolls
 i - a scroll of magic mapping {unknown}
 j - 2 scrolls of immolation {unknown}
 k - 2 scrolls of teleportation
 p - 3 scrolls of remove curse
 q - 6 scrolls of amnesia
 u - a scroll of enchant armour {unknown}
 B - a scroll of fog {unknown}
 D - a scroll of fear {unknown}
 F - a scroll of acquirement {unknown}
Potions
 f - a potion of cancellation {unknown}
 h - 3 potions of might
 o - 2 potions of magic {unknown}
 r - a potion of invisibility {unknown}
 t - a potion of flight {unknown}
 v - 2 potions of curing
 w - a potion of berserk rage {unknown}
 z - 2 potions of degeneration {unknown}
 I - a potion of brilliance {unknown}
Comestibles
 g - 12 rations


   Skills:
 - Level 1.7(1.5) Fighting
 - Level 10.7(10.4) Short Blades
 - Level 1.7(1.5) Throwing
 - Level 0.7(0.4) Dodging
 - Level 11.2(10.9) Stealth
 * Level 4.0(3.7) Necromancy


You had 6 spell levels left.
You knew the following spells:

 Your Spells              Type           Power        Failure   Level  Hunger
a - Regeneration          Chrm/Necr      #.........   43%         3    ####...

Your spell library contained the following spells:

 Spells                   Type           Power        Failure   Level  Hunger
 Pain                     Necr           #...         7%          1    ##.....
 Corpse Rot               Necr           N/A          11%         2    ###....
 Sublimation of Blood     Necr           #.........   11%         2    ###....


Dungeon Overview and Level Annotations

Branches:
Dungeon (8/15)             Temple (1/1) D:4
   Lair: D:8-11

Altars:
Ashenzari
Cheibriados
Dithmenos
Elyvilon
Fedhas
Gozag
Hepliaklqana
Kikubaaqudgha
Makhleb
Nemelex Xobeh
Okawaru
Qazlal
Ru
Sif Muna
Trog
Uskayaw
Vehumet
Wu Jian
Xom
Yredelemnul
Zin
The Shining One

Annotations:
D:5 2 transporters, HAL9000's ghost, novice VSAs


Innate Abilities, Weirdness & Mutations

You have razor-sharp teeth.
Your natural rate of healing is unusually fast.
When hurt, damage is shared between your health and your magic reserves.
Your bite disrupts and absorbs the magic of your enemies.
Potions cannot restore your health.
You are immune to rotting.


Message History

An orc priest comes into view. It is wielding a +0 hand axe.
You feel sick. 3 orcs come into view.
You see here 6 gold pieces.
A two-headed ogre comes into view.
It is wielding a +0 giant club and a -1 giant club.
The orc priest shouts!
The orc shouts! x2
The orc shouts!
You feel sick.
The two-headed ogre shouts in stereo!
The orc priest invokes the aid of Beogh against you.
Beogh smites you!
A jelly comes into view.
The orc priest invokes the aid of Beogh against you.
Beogh smites you!
* * * LOW HITPOINT WARNING * * *
The jelly quivers.
You feel sick.
The two-headed ogre hits you with a +0 giant club!
You die...
Kikubaaqudgha rasps: "You have failed me!
Welcome... death!"

..........#
...###...o##
..........####
.........o...###
.......oo....#
....J.....###..
..........#
......O...#
.......@..#
..........#
..........#
.............#
..##.........##
..####..##...#
##..# ##. #...#
#...# .. ##..#
## ##..### ..#


You could see a two-headed ogre, a jelly, an orc priest and 3 orcs.

Vanquished Creatures
  Pikel (D:6)
  Prince Ribbit (D:6)
  Menkaure (D:5)
  Edmund (D:6)
  Duvessa (D:6)
  An ice beast (D:4)
  An orc warrior (D:6)
  A phantom (D:5)
  8 necrophages
  4 slaves (D:6)
  2 eyes of draining
  3 ogres (D:6)
  Blork the orc (D:5)
  2 bullfrogs (D:6)
  4 scorpions
  Dowan (D:6)
  2 wights (D:7)
  2 howler monkeys
  2 centaur zombies (D:6)
  6 crimson imps
  Crazy Yiuf (D:3)
  2 bullfrog zombies (D:7)
  A jelly (D:5)
  2 orc priests (D:6)
  4 hounds
  6 orc wizards
  Terence (D:2)
  Ijyb (D:5)
  A bullfrog skeleton (D:5)
  4 worker ants
  3 iguanas
  A killer bee zombie (D:7)
  3 hound skeletons
  A mummy (D:7)
  2 worker ant zombies
  Robin (D:2)
  4 gnolls
  6 adders
  An ooze (D:6)
  3 dart slugs
  8 leopard geckos
  23 orcs
  6 bats
  3 giant cockroaches
  19 goblins
  6 hobgoblins
  6 jackals
  6 quokkas
  5 frilled lizards
  11 kobolds
  7 rats
193 creatures vanquished.

Vanquished Creatures (others)
  3 plants
3 creatures vanquished.

Grand Total: 196 creatures vanquished

Notes
Turn   | Place    | Note
-------+----------+-------------------------------------------
     0 | D:1      | HAL9000 the Vine Stalker Assassin began the quest for the
                  | Orb.
     0 | D:1      | Reached XP level 1. HP: 11/11 MP: 2/2
    19 | D:1      | Reached skill level 5 in Stealth
   465 | D:1      | Reached XP level 2. HP: 9/15 MP: 1/3
   730 | D:1      | Reached XP level 3. HP: 17/18 MP: 4/4
   956 | D:1      | Reached skill level 6 in Stealth
  1227 | D:2      | Found a stormy altar of Qazlal.
  1313 | D:2      | Noticed Terence
  1333 | D:2      | Killed Terence
  1333 | D:2      | Gained mutation: Your natural rate of healing is unusually
                  | fast. [Vine Stalker growth]
  1333 | D:2      | Reached XP level 4. HP: 8/23 MP: 5/5
  1613 | D:2      | Noticed Robin
  1621 | D:2      | Killed Robin
  1621 | D:2      | Reached skill level 7 in Stealth
  1621 | D:2      | Reached XP level 5. HP: 21/26 MP: 6/6
  2402 | D:3      | Found a runed translucent door.
  2403 | D:3      | Noticed Crazy Yiuf
  2580 | D:3      | Reached XP level 6. HP: 30/30 MP: 7/7
  2903 | D:3      | Killed Crazy Yiuf
  2982 | D:4      | Noticed an eye of draining
  3002 | D:3      | Reached skill level 8 in Stealth
  3153 | D:4      | Found an ancient bone altar of Kikubaaqudgha.
  3197 | D:4      | Noticed an eye of draining
  3312 | D:4      | Reached XP level 7. HP: 19/34 MP: 5/8
  3404 | D:4      | Found a shadowy altar of Dithmenos.
  3450 | D:4      | Found a staircase to the Ecumenical Temple.
  3469 | Temple   | Entered the Ecumenical Temple
  3641 | D:4      | Became a worshipper of Kikubaaqudgha
  3676 | D:4      | Found a bloodstained altar of Trog.
  3732 | D:4      | Reached skill level 5 in Short Blades
  3732 | D:4      | Reached skill level 9 in Stealth
  3923 | D:5      | Entered Level 5 of the Dungeon
  3931 | D:5      | Noticed HAL9000's ghost (novice VSAs)
  3948 | D:5      | Found a transporter.
  3982 | D:5      | Found a transporter.
  4432 | D:5      | Gained mutation: You have razor-sharp teeth. [Vine Stalker
                  | growth]
  4432 | D:5      | Reached XP level 8. HP: 26/38 MP: 7/9
  4584 | D:5      | Noticed Blork the orc
  4596 | D:5      | Killed Blork the orc
  4676 | D:5      | Noticed Menkaure
  4685 | D:5      | Killed Menkaure
  4685 | D:5      | Reached * piety under Kikubaaqudgha
  4685 | D:5      | Identified Kikubaaqudgha's Disquisition on Necromancy
                  | (Kikubaaqudgha gifted it to you on level 5 of the Dungeon)
  4685 | D:5      | Received a gift from Kikubaaqudgha
  4685 | D:5      | Reached skill level 10 in Stealth
  4689 | D:5      | Noticed Ijyb
  4727 | D:5      | Killed Ijyb
  4788 | D:5      | Learned a level 3 spell: Regeneration
  5435 | D:6      | Noticed Prince Ribbit
  5460 | D:6      | Killed Prince Ribbit
  5460 | D:6      | Reached XP level 9. HP: 23/42 MP: 3/10
  5580 | D:6      | Found a burning altar of Makhleb.
  5580 | D:6      | Found a shimmering altar of Xom.
  5793 | D:6      | Reached skill level 11 in Stealth
  5843 | D:6      | Noticed Dowan
  5852 | D:6      | Killed Dowan
  5852 | D:6      | Noticed Duvessa
  5867 | D:6      | HP: 1/42 [Duvessa/+0 short sword (13)]
  6017 | D:6      | Killed Duvessa
  6114 | D:6      | Reached ** piety under Kikubaaqudgha
  6292 | D:6      | Noticed Edmund
  6311 | D:6      | Killed Edmund
  6311 | D:6      | Reached skill level 1 in Necromancy
  6324 | D:6      | Noticed Pikel
  6458 | D:6      | Killed Pikel
  6646 | D:6      | Reached skill level 10 in Short Blades
  6687 | D:6      | Found a sparkling altar of Nemelex Xobeh.
  6854 | D:7      | Reached XP level 10. HP: 43/46 MP: 9/11
  8011 | D:8      | Noticed a two-headed ogre
  8020 | D:8      | Mangled by a two-headed ogre

Levels and vault maps discovered:
D:1:      psy_arrival_whirlpool, layout_loops_ring
D:2:      layout_loops_ring, grunt_qazlal_clouds, chequers_serial_rivers_room_b,
          lexackson_kobold_supper, uniq_robin, uniq_terence
D:3:      layout_basic, first_ration, minmay_misc_feat_diagonals,
          uniq_crazy_yiuf_cottage
D:4:      layout_rooms, kiku_gazebo_pond_becter,
          nicolae_dithmenos_shadow_blocks, trog_eyes_of_draining,
          minmay_temple_entry_grid
D:5:      layout_loops_cross, serial_bayou, serial_bayou_ford_a,
          serial_bayou_pond_e, serial_bayou_pond_c, serial_bayou_shore_a,
          gammafunk_ghost_stat_death, uniq_blork_the_orc, uniq_ijyb,
          uniq_menkaure
D:6:      layout_basic, grunt_temple_overflow_champion_of_chaos,
          nemelex_dance_club_becter, uniq_duvessa, uniq_prince_ribbit1,
          uniq_pikel, uniq_edmund
D:7:      layout_basic, serial_undead, serial_undead_b, serial_undead_b,
          serial_undead_c, serial_undead_c, serial_undead_c, serial_undead_b,
          serial_undead_c, serial_undead_f, serial_undead_d, serial_undead_d
D:8:      corexii_shack_village, layout_layer_cave, lemuel_round_altar,
          blue_anna_alchemist [blue_anna_fruit_fields, blue_anna_fruit_fields],
          minivault_10
Temple:   regret_index_temple_waves

Skill      XL: |  1  2  3  4  5  6  7  8  9 10 |
---------------+-------------------------------+-----
Stealth        | 5 6 7 8 9 10 11 | 11.2
Short Blades   | 2 3 4 5 8 10 | 10.7
Necromancy     | 2 4 |  4.0
Fighting       | |  1.7
Throwing       | |  1.7
Dodging        | |  0.7

Action                   |  1- 3 |  4- 6 |  7- 9 | 10-12 || total
-------------------------+-------+-------+-------+-------++-------
Melee: Dagger            |    93 |   166 |   456 |   138 ||   853
       Bite              |    21 |    59 |   147 |    44 ||   271
 Fire: Blowgun           |     1 |     4 |    20 |       ||    25
Throw: Tomahawk          |       |       |     3 |       ||     3
  Use: Scroll            |       |       |     5 |     3 ||     8
       Potion            |       |       |     2 |       ||     2
 Stab: Sleeping          |     7 |     6 |     7 |     6 ||    26
       Distracted        |       |     1 |     3 |       ||     4
  Eat: Chunk             |     1 |     7 |     7 |     4 ||    19
       Ration            |       |       |     1 |       ||     1
Armor: Robe              |    15 |    26 |    53 |    22 ||   116
       Skin              |       |       |     1 |       ||     1
Dodge: Dodged            |    43 |    73 |   127 |    42 ||   285

Table legend:
 A = Non-vault XP
 B = Vault XP
 C = Vault XP percentage of total XP
 D = Non-vault monster count
 E = Vault monster count
 F = Vault count percentage of total count
                 A         B        C        D         E       F
            +---------+---------+-------+---------+---------+-------
      Total |    2821 |    3226 |  53.3 |     139 |      50 |  26.5
            +---------+---------+-------+---------+---------+-------
        D:1 |      44 |       0 |   0.0 |      23 |       0 |   0.0
        D:2 |     133 |      84 |  38.7 |      24 |      20 |  45.5
        D:3 |     147 |     176 |  54.5 |      16 |       3 |  15.8
        D:4 |     320 |     123 |  27.8 |       8 |       2 |  20.0
        D:5 |     694 |     282 |  28.9 |      25 |       3 |  10.7
        D:6 |    1114 |    1425 |  56.1 |      29 |       8 |  21.6
        D:7 |     142 |    1136 |  88.9 |       5 |      14 |  73.7
        D:8 |     227 |       0 |   0.0 |       9 |       0 |   0.0
            +---------+---------+-------+---------+---------+-------
